 Dungeon Crawl Stone Soup version 0.30.0-20-g3b4254fcbd (webtiles) character file.

Game seed: 8682426474161078034

35241 Gabide the Destroyer (level 13, 0/80 HPs)
             Began as a Gargoyle Conjurer on June 2, 2023.
             Was an Elder of Vehumet.
             Slain by Snorg (14 damage)
             ... on level 4 of the Lair of Beasts.
             The game lasted 00:47:47 (21887 turns).

Gabide the Destroyer (Gargoyle Conjurer)           Turns: 21887, Time: 00:47:47

Health: 0/80       AC: 26    Str: 18    XL:     13   Next: 82%
Magic:  15/26      EV: 15    Int: 23    God:    Vehumet [****..]
Gold:   840        SH:  0    Dex: 16    Spells: 10/30 levels left

rFire   . . .        a - +2 quarterstaff (spect)
rCold   . . .        (shield currently unavailable)
rNeg    + + +        f - +4 ring mail of the Big Bang {Contam rN++ Dex+2}
rPois   ∞            j - +1 helmet
rElec   +            C - scarf {shadows}
rCorr   .            (no gloves)
SInv    .            l - +2 pair of boots
Will    .....        x - amulet of magic regeneration
Stlth   ++           g - +6 ring of dexterity
HPRegen 0.33/turn    e - +6 ring of strength
MPRegen 0.60/turn

%: no passive effects
@: very slightly contaminated, hasted, very quick
A: sickness immunity, AC +9, negative energy resistance 1, electricity
resistance, torment resistance 1, petrification resistance
a: Renounce Religion


You were on level 4 of the Lair of Beasts.
You worshipped Vehumet.
Vehumet was greatly pleased with you.
You visited 3 branches of the dungeon, and saw 17 of its levels.

You collected 1258 gold pieces.
You spent 418 gold pieces at shops.

Inventory:

Hand Weapons
 a - a +2 spectral quarterstaff (weapon)
Missiles
 v - 12 javelins
Armour
 f - the +4 ring mail of the Big Bang (worn) {Contam rN++ Dex+2}
   (You found it on level 2 of the Dungeon)

   Dex:       It affects your dexterity (+2).
   rN:        It greatly protects you from negative energy.
   Contam:    It causes magical contamination when unequipped.
 j - a +1 helmet (worn)
 l - a +2 pair of boots (worn)
 C - a scarf of shadows (worn)
Jewellery
 e - a +6 ring of strength (right hand)
 g - a +6 ring of dexterity (left hand)
 t - a ring of resist corrosion
 u - a ring of see invisible
 x - an amulet of magic regeneration (around neck)
Wands
 b - a wand of flame (40)
 y - a wand of light (10)
 z - a wand of mindburst (8)
 F - a wand of polymorph (11)
Scrolls
 c - 2 scrolls of immolation
 k - a scroll of teleportation
 n - a scroll of identify
 o - a scroll of magic mapping
 q - 5 scrolls of vulnerability
 s - 2 scrolls of silence
 E - 3 scrolls of amnesia
Potions
 d - 4 potions of curing
 h - 2 potions of magic
 r - 2 potions of brilliance
 w - 2 potions of berserk rage
 A - 2 potions of flight
 B - 2 potions of attraction
 D - 2 potions of might


   Skills:
 - Level 9.0 Fighting
 - Level 9.0 Armour
 - Level 9.0 Dodging
 - Level 3.0 Stealth
 - Level 9.0 Spellcasting
 + Level 12.9 Conjurations
 - Level 12.0 Earth Magic


You had 10 spell levels left.
You knew the following spells:

 Your Spells              Type           Power      Damage    Failure   Level
a - Magic Dart            Conj           100%       1d8       1%          1
b - Searing Ray           Conj           100%       2d8       1%          2
c - Lee's Rapid Deconstr  Erth           30%        3d16*     1%          5
d - Iskenderun's Mystic   Conj/Tloc      40%        2d9       1%          4
e - Fulminant Prism       Conj/Hex       20%        3d12      1%          4
f - Flame Wave            Conj/Fire      40%        2d11      1%          4

Your spell library contained the following spells:

 Spells                   Type           Power      Damage    Failure   Level
 Dazzling Flash           Conj/Hex       80%        N/A       1%          3
 Volatile Blastmotes      Fire/Tloc      20%        2d11      9%          3
 Necrotise                Necr           40%        1d6       10%         1
 Wereblood                Tmut           10%        N/A       16%         2
 Borgnjor's Vile Clutch   Necr/Erth      18%        N/A       24%         5
 Conjure Ball Lightning   Conj/Air       20%        3x3d6     28%         6
 Starburst                Conj/Fire      20%        6d7       28%         6
 Vampiric Draining        Necr           10%        2d6       30%         3
 Agony                    Necr           10%        N/A       95%         5
 Alistair's Intoxication  Tmut/Pois      6%         N/A       95%         5
 Eringya's Noxious Bog    Tmut/Pois      5%         N/A       97%         6
 Summon Hydra             Summ           5%         N/A       100%        7
 Discord                  Hex            5%         N/A       100%        8
 Disjunction              Tloc           5%         N/A       100%        8
 Sublimation of Blood     Necr           Unusable   N/A       N/A         2

Dungeon Overview and Level Annotations

Branches:
Dungeon (11/15)            Temple (1/1) D:7            Lair (5/5) D:10
 Shoals (0/4) Lair:2        Snake (0/4) Lair:2          Orc (0/2) D:9
  Slime: Lair:4-5

Altars:
Ashenzari
Cheibriados
Dithmenos
Elyvilon
Fedhas
Gozag
Hepliaklqana
Kikubaaqudgha
Makhleb
Nemelex Xobeh
Okawaru
Qazlal
Ru
Sif Muna
Trog
Uskayaw
Vehumet
Wu Jian
Xom
Yredelemnul
Zin
The Shining One

Shops:
D:4 =   D:5 :   D:7 [[(

Annotations:
D:11 Josephine
Lair:4 Snorg


Innate Abilities, Weirdness & Mutations

You are immune to sickness and miasma.
Your stone body is resilient. (AC +9)
You are immune to poison.
You resist negative energy. (rN+)
You are resistant to electric shocks. (rElec)
You are resistant to unholy torment.
You are immune to petrification.


Message History

Snorg claws you!
Casting: Flame Wave (dangerous; 1% risk of failure)
Press: ? - help, Q - select action, (/) - cycle Dir - look around, f - activate You miscast Flame Wave.
You are very lightly contaminated with residual magic.
Nothing appears to happen.
Snorg is no longer blind.
Snorg bites you but does no damage. Snorg completely misses you.
Snorg claws you but does no damage. Snorg bites you but does no damage.
Snorg completely misses you. Snorg claws you but does no damage.
Unknown command.
Casting: Flame Wave (dangerous; 1% risk of failure)
Press: ? - help, Q - select action, (/) - cycle Dir - look around, f - activate A wave of flame ripples out!
The flame wave engulfs Snorg!
Snorg is severely wounded. (Press . to intensify the flame waves.) Snorg bites you!
* * * LOW HITPOINT WARNING * * *
Snorg misses you. Snorg claws you but does no damage.
Aiming: Bolt of Light
Press: ? - help, Shift-Dir - straight line, f - Snorg
Aim: Snorg (severely wounded, berserk, 71% to hit)
The bolt of light misses Snorg.
Snorg bites you but does no damage. Snorg claws you but does no damage.
Snorg misses you. Snorg bites you but does no damage. Snorg barely misses you.
Snorg closely misses you.
Aiming: Bolt of Light
Press: ? - help, Shift-Dir - straight line, f/p - Snorg
Aim: Snorg (severely wounded, berserk, 71% to hit)
The bolt of light misses Snorg.
Snorg bites you but does no damage. Snorg claws you.
* * * LOW HITPOINT WARNING * * *
Snorg claws you.
* * * LOW HITPOINT WARNING * * *
Unknown command.
Okay, then.
You feel yourself speed up. Snorg completely misses you. Snorg claws you.
* * * LOW HITPOINT WARNING * * *
Snorg claws you!
You die...

....#.# ##.##.#......##.###.##..#
....### #....###....##.#####...##
..⌠...###.#..###...............##
.......#.⌠.....#.....#.......#.##
............###......#.........##
⌠.>.⌠.+..>.⌠####............#...#
......#.....##.......#..P#.###...
......##.⌠.####†......P.##.#.#...
..⌠....#########@...............#
....##.#.#..#P#.T...............#
...#..†..........................
...#.............................
.#[..............................
........................##.###...
##........#######....#####.##...#
##......#.# #......###..##..#
.##.....####### #...........##..#


You could see Snorg (berserk).

Vanquished Creatures
  Kirke (Lair:3)
  A hydra (Lair:3)
  2 boulder beetles
  Urug (Lair:2)
  5 death yaks
  Nergalle (D:11)
  2 skysharks
  Joseph (D:9)
  6 elephants
  2 black mambas
  2 merfolk sirens (Lair:2)
  Maggie (D:7)
  Psyche (D:9)
  10 cane toads
  An unseen horror (D:11)
  5 komodo dragons
  3 rime drakes
  A troll (D:9)
  2 merfolk (Lair:2)
  2 polar bears (Lair:4)
  12 blink frogs
  7 dream sheep
  Grinder (D:4)
  Sigmund (D:3)
  5 wraiths (D:11)
  2 basilisks
  6 hogs
  4 wyverns
  37 yaks
  A human (Lair:3)
  3 steam dragons
  An acid dragon (D:10)
  11 water moccasins
  2 orc warriors (D:9)
  2 ice beasts
  2 black bears
  A sky beast (D:4)
  A wolf (Lair:4)
  2 ogres
  4 centaurs
  A phantom (D:5)
  10 bullfrogs
  7 scorpions
  5 wights (D:8)
  8 killer bees (D:9)
  An electric eel (Lair:3)
  3 howler monkeys
  4 hounds
  4 orc priests
  4 jellies
  A sleepcap (D:6)
  Natasha (thrice) (D:2)
  An iguana (D:5)
  Ijyb (D:3)
  9 orc wizards
  2 hell rats (Lair:4)
  Robin (D:2)
  A gnoll (D:5)
  6 adders
  3 river rats (Lair:4)
  A shadow imp (D:8)
  A white imp (D:5)
  A worm (D:2)
  3 dart slugs
  22 orcs
  2 bats
  5 endoplasms
  A giant cockroach (D:3)
  10 goblins
  8 hobgoblins
  5 quokkas
  4 ball pythons
  2 frilled lizards
  3 kobolds
  11 rats
309 creatures vanquished.

Vanquished Creatures (others)
  45 fulminant prisms
45 creatures vanquished.

Grand Total: 354 creatures vanquished

Notes
Turn   | Place    | Note
-------+----------+-------------------------------------------
     0 | D:1      | Gabide the Gargoyle Conjurer began the quest for the Orb.
     0 | D:1      | Reached XP level 1. HP: 10/10 MP: 3/3
   501 | D:1      | Reached XP level 2. HP: 15/15 MP: 1/5
  1023 | D:2      | Noticed Robin
  1098 | D:2      | Reached XP level 3. HP: 20/20 MP: 2/6
  1317 | D:2      | Learned a level 2 spell: Searing Ray
  1325 | D:2      | Identified the +4 ring mail of the Big Bang {Contam rN++
                  | Dex+2}
  1375 | D:2      | Reached skill level 1 in Fighting
  1616 | D:2      | Noticed Natasha
  1627 | D:2      | Killed Natasha
  1628 | D:2      | Reached skill level 5 in Conjurations
  1628 | D:2      | Reached XP level 4. HP: 12/25 MP: 6/8
  1774 | D:2      | Killed Robin
  1884 | D:2      | Noticed Natasha
  1985 | D:2      | Killed Natasha
  1986 | D:2      | Reached XP level 5. HP: 30/30 MP: 3/9
  2104 | D:2      | Noticed Natasha
  2113 | D:2      | Killed Natasha
  2238 | D:3      | Noticed Sigmund
  2248 | D:3      | Killed Sigmund
  2249 | D:3      | Reached XP level 6. HP: 36/36 MP: 0/10
  2537 | D:3      | Noticed Ijyb
  2548 | D:3      | Killed Ijyb
  2641 | D:3      | Found a shadowy altar of Dithmenos.
  2667 | D:3      | Found a broken altar of Ashenzari.
  2672 | D:3      | Found an iron altar of Okawaru.
  2866 | D:3      | Reached skill level 1 in Armour
  2983 | D:4      | Noticed a sky beast
  3000 | D:4      | Killed a sky beast
  3001 | D:4      | Reached XP level 7. HP: 41/41 MP: 6/11
  3265 | D:4      | Noticed Grinder
  3266 | D:4      | Found Safinn's Jewellery Shoppe.
  4115 | D:5      | Entered Level 5 of the Dungeon
  4296 | D:5      | Reached XP level 8. HP: 46/46 MP: 6/12
  4489 | D:5      | Found a hide-covered altar of Uskayaw.
  4499 | D:5      | Found a snail-covered altar of Cheibriados.
  4542 | D:5      | Found Vetinu's Book Emporium.
  4579 | D:5      | Found a sparkling altar of Nemelex Xobeh.
  5008 | D:5      | Reached skill level 5 in Fighting
  5442 | D:4      | Killed Grinder
  5823 | D:6      | Reached skill level 5 in Armour
  5823 | D:6      | Reached XP level 9. HP: 55/55 MP: 7/13
  7335 | D:7      | Found a staircase to the Ecumenical Temple.
  7396 | Temple   | Entered the Ecumenical Temple
  7428 | Temple   | Became a worshipper of Vehumet
  7659 | D:4      | Bought an amulet of magic regeneration for 360 gold pieces
  7769 | D:7      | Found Qosozxasch's Antique Armour Boutique.
  7835 | D:7      | Reached skill level 5 in Dodging
  7866 | D:7      | Found Piwotoisk's Armour Emporium.
  7869 | D:7      | Bought a +0 pair of boots for 58 gold pieces
  8130 | D:7      | Noticed Maggie
  8151 | D:7      | Killed Maggie
  8274 | D:7      | Found Avuso's Weapon Emporium.
  8375 | D:8      | Identified the +6 ring mail "Fogiumy" {+Blink Fly SInv}
  8835 | D:8      | Reached XP level 10. HP: 60/60 MP: 9/17
  8836 | D:8      | Reached skill level 5 in Spellcasting
  9411 | D:8      | Found an ancient bone altar of Kikubaaqudgha.
  9411 | D:8      | Found a hazy altar of Hepliaklqana.
  9917 | D:9      | Reached * piety under Vehumet
  9917 | D:9      | Offered knowledge of Shock by Vehumet.
 10099 | D:9      | Reached skill level 10 in Conjurations
 10273 | D:9      | Noticed Psyche
 10425 | D:9      | Killed Psyche
 10514 | D:9      | Noticed Joseph
 10530 | D:9      | Killed Joseph
 10964 | D:9      | Found a staircase to the Orcish Mines.
 11024 | D:10     | Entered Level 10 of the Dungeon
 11048 | D:10     | Found an opulent altar of Gozag.
 11121 | D:9      | Reached skill level 1 in Earth Magic
 11443 | D:10     | Reached XP level 11. HP: 64/64 MP: 14/20
 11524 | D:10     | Reached skill level 5 in Earth Magic
 11643 | D:10     | Found a stormy altar of Qazlal.
 11834 | D:10     | Found a blossoming altar of Fedhas.
 12124 | D:10     | Found a staircase to the Lair.
 12909 | D:11     | Noticed Nergalle
 12909 | D:11     | Noticed a boulder beetle
 12932 | D:11     | Killed Nergalle
 12964 | D:11     | Noticed a cyclops
 13018 | D:11     | Noticed Josephine
 13347 | Lair:1   | Entered Level 1 of the Lair of Beasts
 13703 | Lair:1   | Reached skill level 10 in Earth Magic
 14216 | Lair:1   | Offered knowledge of Freeze by Vehumet.
 14219 | Lair:1   | Reached ** piety under Vehumet
 15168 | Lair:1   | Reached XP level 12. HP: 38/70 MP: 18/21
 15347 | Lair:2   | Found a staircase to the Snake Pit.
 15894 | Lair:2   | Found a staircase to the Shoals.
 16228 | Lair:3   | Noticed a boulder beetle
 16302 | Lair:2   | Killed a boulder beetle
 16712 | Lair:3   | Noticed a skyshark
 16731 | Lair:3   | Killed a skyshark
 17044 | Lair:3   | Noticed Urug
 17582 | Lair:2   | Offered knowledge of Hailstorm by Vehumet.
 17590 | Lair:2   | Learned a level 5 spell: Lee's Rapid Deconstruction
 17595 | Lair:2   | Learned a level 4 spell: Iskenderun's Mystic Blast
 17600 | Lair:2   | Learned a level 4 spell: Fulminant Prism
 17985 | Lair:3   | Noticed Kirke
 17987 | Lair:3   | Reached *** piety under Vehumet
 18103 | Lair:3   | Killed Kirke
 18104 | Lair:3   | Reached XP level 13. HP: 80/80 MP: 3/26
 19832 | Lair:2   | Killed Urug
 20211 | Lair:4   | Offered knowledge of Flame Wave by Vehumet.
 20319 | Lair:4   | Identified the +2 scale mail of Sloth {rF+ rCorr Str-2}
 20707 | Lair:5   | Entered Level 5 of the Lair of Beasts
 21075 | Lair:4   | Learned a level 4 spell: Flame Wave
 21097 | Lair:5   | Noticed Snorg
 21507 | Lair:3   | Reached **** piety under Vehumet
 21887 | Lair:4   | Slain by Snorg

Illustrated notes

Levels and vault maps discovered:
D:1:      minmay_arrival_glassed_features, layout_basic, chequers_jeans,
          serial_bayou_pond_e
D:2:      layout_rooms, uniq_robin, uniq_natasha
D:3:      layout_rooms, minitemple, uniq_sigmund, uniq_ijyb
D:4:      layout_basic, serial_shops, nicolae_take_the_stairs, uniq_grinder
D:5:      layout_loops_cross, mainiacjoe_overflow_big_doors,
          mainiacjoe_overflow_six_doors_small, serial_shops,
          nicolae_shop_advertising_works [nicolae_subvault_shop_adworks],
          minmay_diced_spiral
D:6:      layout_basic
D:7:      layout_loops_ring, temple_green, serial_shops, kennysheep_little_box,
          kennysheep_mini_moat, nicolae_shop_stone, st_stairs_13,
          minmay_misc_feat_ornament, uniq_maggie
D:8:      layout_basic, gammafunk_temple_overflow_statue, dreamdust_wishing_well
D:9:      layout_roguey, orc_0_dummy, uniq_psyche, uniq_joseph
D:10:     layout_layer_cave, grunt_temple_overflow_forces_of_nature,
          grunt_gozag_breadcrumbs, lair_entry_dummy
D:11:     dreamdust_cave_troll, layout_long_grid, minmay_gold_behind_fungi,
          uniq_josephine, uniq_nergalle
Temple:   bh_familiar_temple
Lair:1:   layout_cave_pods
Lair:2:   layout_cave_pods, elwin_shoals_entry_stream, dummy_snake_entry
Lair:3:   layout_big_grid, serial_bayou_shore_a, infiniplex_staircase_pool,
          serial_bayou_shore_b, uniq_urug, uniq_kirke
Lair:4:   statuecave_lemuel, layout_regular_city, kennysheep_abandoned_house,
          grunt_megastairs_3
Lair:5:   grunt_lair_end_beastmaster, layout_long_grid,
          minmay_slime_entry_oklob_enclosed, uniq_snorg

Skill      XL: |  1  2  3  4  5  6  7  8  9 10 11 12 13 |
---------------+----------------------------------------+-----
Fighting       | 1 2 3 6 9 |  9.0
Conjurations   | 5 6 8 9 12 | 12.9
Dodging        | 2 3 6 9 |  9.0
Spellcasting   | 3 4 6 9 |  9.0
Stealth        | 3 |  3.0
Armour         | 2 3 5 6 8 9 |  9.0
Earth Magic    | 3 12 | 12.0

Action                     |  1- 3 |  4- 6 |  7- 9 | 10-12 | 13-15 || total
---------------------------+-------+-------+-------+-------+-------++-------
  Melee: Mace              |     3 |       |       |       |       ||     3
         Dagger            |       |    10 |    17 |     1 |       ||    28
         Punch             |       |       |     1 |       |       ||     1
         Unarmed           |       |       |       |     7 |       ||     7
         Quarterstaff      |       |       |       |    16 |    45 ||    61
  Throw: Throwing net      |       |       |       |       |     1 ||     1
   Cast: Magic Dart        |    57 |    78 |    62 |       |       ||   197
         Searing Ray       |       |       |    65 |   205 |    26 ||   296
         Fulminant Prism   |       |       |       |     9 |    36 ||    45
         Iskenderun's Myst |       |       |       |     7 |    40 ||    47
         Lee's Rapid Decon |       |       |       |     5 |    17 ||    22
         Flame Wave        |       |       |       |       |    19 ||    19
  Evoke: Wand              |       |       |     5 |     1 |     5 ||    11
    Use: Potion            |     1 |       |     1 |    11 |     6 ||    19
         Scroll            |       |     6 |    14 |     8 |     5 ||    33
   Stab: Paralysed         |       |       |     2 |       |       ||     2
         Sleeping          |       |       |     1 |       |       ||     1
         Distracted        |       |       |       |     1 |       ||     1
 Armour: Leather armour    |     4 |     3 |       |       |       ||     7
         Ring mail         |       |     9 |    54 |   297 |   167 ||   527
         Skin              |       |       |       |    11 |       ||    11
  Dodge: Dodged            |    12 |    11 |    71 |   356 |   238 ||   688
